 Dungeon Crawl Stone Soup version 0.21-a0-394-gdc75ea7 (webtiles) character file.

490 graki42 the Chopper (level 7, -1/91 HPs)
             Began as a Hill Orc Berserker on Oct 18, 2017.
             Was a Priest of Trog.
             Slain by an orc
             ... wielding a +0 flail
              (3 damage)
             ... on level 4 of the Dungeon.
             The game lasted 00:06:56 (3000 turns).

graki42 the Chopper (Hill Orc Berserker)            Turns: 3000, Time: 00:06:57

Health: -1/91      AC: 10    Str: 26    XL:     7   Next: 14%
Magic:  7/7        EV:  9    Int:  8    God:    Trog [***...]
Gold:   137        SH:  2    Dex: 10    Spells: 6/6 levels left

rFire    . . .     SeeInvis .   a - +1 hand axe
rCold    . . .     Gourm    .   (no shield)
rNeg     . . .     Faith    .   A - +1 chain mail
rPois    .         Spirit   .   (no helmet)
rElec    .         Reflect  +   (no cloak)
rCorr    .         Harm     .   (no gloves)
MR       ++...     Rnd*Tele +   (no boots)
Stlth    ..........             k - +2 amulet of reflection
HPRegen  1.25/turn              o - ring of teleportation (curse)
MPRegen  0.10/turn              (no ring)

@: berserking, lethally poisoned (-1 -> -3), regenerating, very quick
A: no striking features
a: Berserk, Trog's Hand, Burn Spellbooks, Renounce Religion


You were on level 4 of the Dungeon.
You worshipped Trog.
Trog was most pleased with you.
You were very hungry.

You visited 1 branch of the dungeon, and saw 4 of its levels.

You collected 137 gold pieces.

Inventory:

Hand Weapons
 a - a +1 hand axe (weapon)
Armour
 A - a +1 chain mail (worn)
Jewellery
 k - a +2 amulet of reflection (around neck)
 o - a cursed ring of teleportation (left hand)
Wands
 q - a wand of lightning (2/15)
 w - a wand of iceblast (6/15)
 y - a wand of random effects (35/48)
Scrolls
 n - a scroll of enchant weapon
Potions
 e - a potion of haste
 f - 3 potions of invisibility {unknown}
 i - a potion of brilliance
 r - 2 potions of resistance {unknown}
 t - 2 potions of berserk rage
 u - a potion of degeneration
 x - 2 potions of flight {unknown}
Comestibles
 b - 3 meat rations
 c - a bread ration
 g - a royal jelly


   Skills:
 + Level 5.3 Fighting
 + Level 7.2 Axes
 + Level 4.5 Armour
 + Level 2.6 Dodging


You had 6 spell levels left.
You didn't know any spells.

Dungeon Overview and Level Annotations

Branches:
Dungeon (4/15)
 Temple: D:4-7

Altars:
Fedhas
Hepliaklqana
Nemelex Xobeh
Qazlal
Yredelemnul
The Shining One


Message History

You kill the worker ant!
Trog accepts your kill.
You hit the worker ant. You slash the orc! You hit the worker ant.
You kill the worker ant!
Trog accepts your kill.
You feel sick. The orc hits you with a flail.
* * * LOW HITPOINT WARNING * * *
You closely miss the orc.
The orc is almost dead.
You barely miss the worker ant.
* * * LOW HITPOINT WARNING * * *
You feel sick. The worker ant barely misses you.
Unknown command.
You barely miss the orc.
The orc is almost dead.
You completely miss the worker ant.
* * * LOW HITPOINT WARNING * * *
You feel sick. The worker ant closely misses you.
The orc hits you with a flail.
You die...

.### ...... ....
.#.o...
..##....#..
#####..........
###..............
=.............(..
#a............#
.....[.#ao†....#
#......#.@.....#
..#..............
# #....#.......>.
......#.........
.......#.........
....a..######....
... ..#. .#


You could see a worker ant, an orc wizard and an orc.

Vanquished Creatures
  An ice beast (D:3)
  A bullfrog (D:3)
  A bullfrog skeleton (D:3)
  An orc priest (D:4)
  Ijyb (D:3)
  2 worker ants (D:4)
  2 orc wizards (D:3)
  5 gnolls
  3 adders
  A worm (D:2)
  A dart slug (D:1)
  9 orcs
  5 bats
  3 giant cockroaches
  6 goblins
  10 hobgoblins
  8 jackals
  A quokka (D:3)
  A ball python (D:2)
  A ball python skeleton (D:4)
  2 frilled lizards (D:1)
  4 kobolds
  5 rats
74 creatures vanquished.

Notes
Turn   | Place    | Note
-------+----------+-------------------------------------------
     0 | D:1      | graki42 the Hill Orc Berserker began the quest for the Orb.
     0 | D:1      | Reached XP level 1. HP: 19/19 MP: 1/1
   216 | D:1      | Reached XP level 2. HP: 26/27 MP: 2/2
   478 | D:1      | Reached XP level 3. HP: 33/33 MP: 3/3
   744 | D:2      | Reached ** piety under Trog
   864 | D:2      | Reached skill level 5 in Axes
  1315 | D:2      | Found a sparkling altar of Nemelex Xobeh.
  1317 | D:2      | Found a blossoming altar of Fedhas.
  1434 | D:2      | Reached XP level 4. HP: 35/40 MP: 4/4
  1582 | D:2      | Found a stormy altar of Qazlal.
  1717 | D:2      | Found a glowing golden altar of the Shining One.
  2177 | D:3      | Noticed an ice beast
  2187 | D:3      | Killed an ice beast
  2187 | D:3      | Reached skill level 6 in Axes
  2187 | D:3      | Reached XP level 5. HP: 47/47 MP: 5/5
  2304 | D:3      | Reached XP level 6. HP: 55/55 MP: 6/6
  2380 | D:3      | Reached skill level 5 in Fighting
  2426 | D:3      | Found a hazy altar of Hepliaklqana.
  2505 | D:3      | Found a basalt altar of Yredelemnul.
  2576 | D:3      | Reached *** piety under Trog
  2671 | D:3      | Noticed Ijyb
  2707 | D:3      | Killed Ijyb
  2856 | D:3      | Reached skill level 7 in Axes
  2985 | D:4      | Reached XP level 7. HP: 15/61 MP: 7/7
  2998 | D:4      | HP: 2/91 [orc/flail (3)]
  3000 | D:4      | Slain by an orc

Vault maps used:
D:1:      lightli_arrival_flooded_house
D:2:      tso_oasis_becter, chequers_temple_overflow_statue_of_worship,
          lemuel_tele_altar
D:3:      lemuel_coloured_pillars_altar, grunt_ministairs_14,
          yredelemnul_altar_generic, uniq_ijyb
D:4:      cheibriados_altar_1, gup_ossuary_entry_pyramid

Skill      XL: |  1  2  3  4  5  6 |
---------------+-------------------+-----
Fighting       | 4 5 |  5.3
Axes           | 5 6 7 |  7.2
Dodging        | 2 |  2.6
Armour         | 3 4 |  4.5

Action                   |  1- 3 |  4- 6 |  7- 9 || total
-------------------------+-------+-------+-------++-------
Melee: Hand axe          |   101 |   147 |    10 ||   258
Invok: Berserk           |       |     5 |     1 ||     6
       Trog's Hand       |       |       |     1 ||     1
  Use: Scroll            |       |    13 |       ||    13
  Eat: Chunk             |     2 |     9 |       ||    11
Armor: Animal skin       |     2 |       |       ||     2
       Ring mail         |    26 |    36 |       ||    62
       Chain mail        |       |    11 |     7 ||    18
Dodge: Dodged            |    71 |    84 |     7 ||   162
Block: Other             |       |     8 |       ||     8

Table legend:
 A = Spawn XP
 B = Non-spawn XP
 C = Spawn XP percentage of total XP
 D = Spawn monster count
 E = Non-spawn monster count
 F = Spawn count percentage of total count
 G = Total turns spent on level
                    A         B        C        D         E        F      G
               +---------+---------+-------+---------+---------+-------+---------
         Total |       0 |     701 |   0.0 |       0 |      74 |   0.0 |  3000
               +---------+---------+-------+---------+---------+-------+---------
           D:1 |       0 |      46 |   0.0 |       0 |      18 |   0.0 |   679
           D:2 |       0 |      71 |   0.0 |       0 |      19 |   0.0 |  1456
           D:3 |       0 |     466 |   0.0 |       0 |      30 |   0.0 |   835
           D:4 |       0 |     118 |   0.0 |       0 |       7 |   0.0 |    30
               +---------+---------+-------+---------+---------+-------+---------
